 Dungeon Crawl Stone Soup version 0.31-a0-229-g1fc7ce93e2 (webtiles) character file.

Game seed: 10219412110022575275

475 qw the Shooter (level 7, -1/41 HPs)
             Began as a Gargoyle Hexslinger on July 6, 2023.
             Slain by an iguana (7 damage)
             ... on level 5 of the Dungeon.
             The game lasted 00:01:29 (3538 turns).

qw the Shooter (Gargoyle Hexslinger)                Turns: 3538, Time: 00:01:29

Health: -1/41      AC: 12    Str: 12    XL:     7   Next: 10%
Magic:  8/8        EV: 10    Int: 13    God:
Gold:   11         SH:  0    Dex: 14    Spells: 7/8 levels left

rFire   + . .        Y - +0 arbalest
rCold   . . .        (shield currently unavailable)
rNeg    + . .        k - +0 ring mail
rPois   inf          c - +0 helmet
rElec   +            (no cloak)
rCorr   .            (no gloves)
SInv    .            i - +0 pair of boots
Will    .....        (no amulet)
Stlth   +            h - ring of protection from fire
HPRegen 0.26/turn    (no ring)
MPRegen 0.11/turn

%: no passive effects
@: about to teleport
A: sickness immunity, AC +4, negative energy resistance 1, electricity
resistance, torment resistance 1, petrification resistance
a: no special abilities


You were on level 5 of the Dungeon.
You visited 1 branch of the dungeon, and saw 5 of its levels.

You collected 183 gold pieces.
You spent 172 gold pieces at shops.


Innate Abilities, Weirdness & Mutations

You are immune to sickness and miasma.
Your stone body is resilient. (AC +4)
You are immune to poison.
You resist negative energy. (rN+)
You are resistant to electric shocks. (rElec)
You are resistant to unholy torment.
You are immune to petrification.


   Skills:
 + Level 3.4 Fighting
 - Level 6.1 Ranged Weapons
 - Level 2.7 Armour
 - Level 1.5 Dodging
 - Level 1.0 Spellcasting
 - Level 2.6 Hexes


You had 7 spell levels left.
You knew the following spells:

 Your Spells              Type           Power      Damage    Failure   Level
a - Slow                  Hex            28%        N/A       21%         1

Your spell library contained the following spells:

 Spells                   Type           Power      Damage    Failure   Level
 Inner Flame              Hex/Fire       4%         N/A       71%         3
 Portal Projectile        Hex/Tloc       8%         N/A       71%         3
 Cause Fear               Hex            3%         N/A       90%         4

Inventory:

Hand Weapons
 Y - a +0 arbalest (weapon)
Armour
 c - a +0 helmet (worn)
 i - a +0 pair of boots (worn)
 k - a +0 ring mail (worn)
Jewellery
 h - a ring of protection from fire (left hand)
 j - a ring of fire
Scrolls
 a - a scroll of identify
 b - a scroll of butterflies {unknown}
Potions
 d - a potion of enlightenment
 n - a potion of mutation {unknown}

Dungeon Overview and Level Annotations

Branches:
Dungeon (5/15)
 Temple: D:4-7

Altars:

Shops:
D:4 **(

Annotations:
D:5 Pikel


Message History

Found a scroll of poison.
The water moccasin hisses angrily.
You shoot a bolt.
The bolt closely misses the water moccasin.
The phantom misses you. The water moccasin bites you.
The phantom hits you but does no damage.
The water moccasin closely misses you.
You shoot a bolt. The bolt hits the water moccasin!
The water moccasin is moderately wounded.
The water moccasin bites you but does no damage.
The phantom barely misses you.
The water moccasin bites you but does no damage.
The phantom hits you but does no damage.
You shoot a bolt.
The bolt closely misses the water moccasin.
The water moccasin bites you!
The water moccasin bites you but does no damage.
The phantom hits you but does no damage.
The water moccasin bites you.
You shoot a bolt. The bolt misses the water moccasin.
The phantom hits you but does no damage.
The water moccasin barely misses you. The phantom closely misses you.
The water moccasin barely misses you. The iguana bites you.
You shoot a bolt. The bolt hits the water moccasin.
The water moccasin is heavily wounded.
The water moccasin closely misses you. The phantom hits you.
The iguana completely misses you.
The water moccasin bites you but does no damage.
The phantom closely misses you. The iguana bites you.
The water moccasin barely misses you.
3537 ||| READING scroll of teleportation.
As you read the scroll of teleportation, it crumbles to dust.
You feel strangely unstable. The water moccasin misses you.
The iguana barely misses you. The phantom hits you.
You shoot a bolt. The bolt hits the water moccasin.
The water moccasin is severely wounded.
The water moccasin barely misses you. The phantom hits you.
The iguana bites you!
You die...

## # .# .# ##. . .# 5.
. .#######5# ###. ##.
...##..55 #..# ....
##..##Kh## ..##..#
.##..##..## #?S...#
..##..##..## #@W.#
...##......##..l.#....#
################## ####


You could see a water moccasin, a phantom and an iguana.

Vanquished Creatures
  An ice beast (D:4)
  An ogre (D:4)
  A phantom (D:4)
  A jelly (D:3)
  A sleepcap (D:5)
  Robin (D:3)
  7 adders
  An ufetubus (D:4)
  A worm (D:2)
  2 dart slugs (D:1)
  6 orcs
  5 bats
  6 endoplasms
  A giant cockroach (D:1)
  15 goblins
  5 hobgoblins
  3 jackals (D:1)
  4 kobolds
  2 quokkas (D:2)
  6 ball pythons
  6 frilled lizards
  7 rats
83 creatures vanquished.

Notes
Turn   | Place    | Note
-------+----------+-------------------------------------------
     0 | D:1      | qw the Gargoyle Hexslinger began the quest for the Orb.
     0 | D:1      | Reached XP level 1. HP: 12/12 MP: 2/2
     0 | D:1      | 0 ||| qw: Version: 0.3-a-46-gb1f654a
     0 | D:1      | 0 ||| qw: Game counter: 1490
     0 | D:1      | 0 ||| qw: Melee chars always use a shield: true
     0 | D:1      | 0 ||| qw: God list: Okawaru
     0 | D:1      | 0 ||| qw: Allow faded altars: false
     0 | D:1      | 0 ||| qw: Do Orc after clearing Dungeon:15 true
     0 | D:1      | 0 ||| qw: Do second Lair branch before Depths: true
     0 | D:1      | 0 ||| qw: Lair rune preference: random
     0 | D:1      | 0 ||| qw: Goals: Normal
     0 | D:1      | 0 ||| PLANNING D:1-11
    52 | D:1      | 52 ||| FLEEEEING.
    53 | D:1      | 53 ||| FLEEEEING.
    54 | D:1      | 54 ||| FLEEEEING.
    55 | D:1      | 55 ||| FLEEEEING.
    56 | D:1      | 56 ||| FLEEEEING.
    57 | D:1      | 57 ||| FLEEEEING.
    75 | D:1      | Reached XP level 2. HP: 15/16 MP: 3/3
   156 | D:1      | Reached skill level 3 in Ranged Weapons
   315 | D:1      | Reached XP level 3. HP: 21/21 MP: 4/4
   476 | D:1      | 476 ||| FLEEEEING.
   477 | D:1      | 477 ||| FLEEEEING.
   545 | D:1      | 545 ||| UPGRADING to +0 leather armour.
   555 | D:1      | 555 ||| DROPPING +0 robe.
   556 | D:1      | 556 ||| UPGRADING to +0 pair of boots.
   561 | D:1      | 561 ||| UPGRADING to ring of protection from fire.
   562 | D:1      | 562 ||| READING scroll labelled WOSO WEJAE.
   563 | D:1      | 563 ||| READING scroll labelled TIHIFASSYMN.
   564 | D:1      | 564 ||| READING scroll labelled OHIUXO MIHAYTI.
   565 | D:1      | 565 ||| DROPPING scroll of poison.
   671 | D:2      | Reached XP level 4. HP: 25/26 MP: 5/5
   740 | D:2      | Reached skill level 4 in Ranged Weapons
   908 | D:2      | Found a faded altar of an unknown god.
  1384 | D:3      | Noticed Robin
  1389 | D:3      | Reached XP level 5. HP: 26/30 MP: 6/6
  1417 | D:3      | Killed Robin
  1418 | D:3      | Reached skill level 5 in Ranged Weapons
  2165 | D:3      | Reached skill level 3 in Fighting
  2325 | D:3      | 2325 ||| UPGRADING to +0 helmet.
  2330 | D:3      | 2330 ||| UPGRADING to +0 ring mail.
  2340 | D:3      | 2340 ||| DROPPING +0 leather armour.
  2341 | D:3      | 2341 ||| READING scroll labelled KIED POSASECE.
  2364 | D:3      | 2364 ||| READING scroll labelled QUNO WIFI DOFO.
  2365 | D:3      | 2365 ||| READING 2 scrolls of identify.
  2365 | D:3      | 2365 ||| IDENTIFYING bubbling sapphire potion
  2366 | D:3      | 2366 ||| DROPPING potion of lignification.
  2463 | D:4      | Found Ofyegh's Assorted Antiques.
  2467 | D:4      | 2467 ||| BUYING 2 emerald potions (32 gold).
  2467 | D:4      | Bought 2 emerald potions for 32 gold pieces
  2467 | D:4      | 2467 ||| BUYING pink potion (16 gold).
  2467 | D:4      | Bought a pink potion for 16 gold pieces
  2467 | D:4      | 2467 ||| BUYING sapphire potion (16 gold).
  2467 | D:4      | Bought a sapphire potion for 16 gold pieces
  2467 | D:4      | 2467 ||| BUYING sapphire potion (16 gold).
  2467 | D:4      | Bought a sapphire potion for 16 gold pieces
  2467 | D:4      | 2467 ||| BUYING scroll labelled LUYTWAO ENUSE (18 gold).
  2467 | D:4      | Bought a scroll labelled LUYTWAO ENUSE for 18 gold pieces
  2467 | D:4      | 2467 ||| SHOPLISTING scroll of identify (36 gold, have 33).
  2467 | D:4      | 2467 ||| BUYING viscous dark potion (16 gold).
  2467 | D:4      | Bought a viscous dark potion for 16 gold pieces
  2909 | D:4      | Found Ycuor's Weapon Shop.
  2912 | D:4      | 2912 ||| BUYING +0 arbalest (58 gold).
  2912 | D:4      | Bought a +0 arbalest for 58 gold pieces
  2912 | D:4      | 2912 ||| SHOPLISTING +2 triple crossbow of freezing (390
                  | gold, have 11).
  2912 | D:4      | 2912 ||| SWAPPING to +0 arbalest.
  2913 | D:4      | 2913 ||| DROPPING +1 sling.
  3015 | D:4      | Noticed a phantom
  3027 | D:4      | Killed a phantom
  3028 | D:4      | Reached XP level 6. HP: 28/37 MP: 7/7
  3113 | D:4      | Noticed an ice beast
  3125 | D:4      | HP: 2/37 [ice beast (12)]
  3131 | D:4      | Killed an ice beast
  3344 | D:4      | Found Xanecheuxa's General Store.
  3350 | D:4      | Reached skill level 6 in Ranged Weapons
  3350 | D:4      | Reached XP level 7. HP: 40/41 MP: 8/8
  3357 | D:4      | 3357 ||| SHOPLISTING potion of enlightenment (60 gold, have
                  | 11).
  3357 | D:4      | 3357 ||| SHOPLISTING scroll of identify (24 gold, have 11).
  3408 | D:4      | 3408 ||| READING scroll labelled IVUXUD XIMUUC.
  3409 | D:4      | 3409 ||| READING 3 scrolls labelled LUYTWAO ENUSE.
  3413 | D:4      | 3413 ||| DRINKING 2 emerald potions.
  3414 | D:4      | 3414 ||| DRINKING 3 sapphire potions.
  3415 | D:4      | 3415 ||| READING 4 scrolls of identify.
  3415 | D:4      | 3415 ||| IDENTIFYING pink potion
  3416 | D:4      | 3416 ||| READING 3 scrolls of identify.
  3416 | D:4      | 3416 ||| IDENTIFYING white potion
  3417 | D:4      | 3417 ||| READING 2 scrolls of identify.
  3417 | D:4      | 3417 ||| IDENTIFYING viscous dark potion
  3418 | D:4      | 3418 ||| DROPPING potion of attraction.
  3419 | D:4      | 3419 ||| DROPPING 2 potions of brilliance.
  3420 | D:4      | 3420 ||| DROPPING potion of invisibility.
  3435 | D:5      | Entered Level 5 of the Dungeon
  3522 | D:5      | Noticed Pikel
  3528 | D:5      | HP: 6/41 [Pikel/+1 whip of freezing (6)]
  3529 | D:5      | 3529 ||| READING 2 scrolls of teleportation.
  3530 | D:5      | 3530 ||| DRINKING potion of heal wounds.
  3536 | D:5      | HP: 10/41 [iguana (6)]
  3537 | D:5      | 3537 ||| READING scroll of teleportation.
  3538 | D:5      | Slain by an iguana

Levels and vault maps discovered:
D:1:      minmay_arrival_stair_chambers, layout_rooms
D:2:      layout_basic, hellmonk_ecumenical_altar_crossroads
D:3:      layout_basic, uniq_robin
D:4:      minmay_general_purpose_star, layout_loops_corners, serial_shops, shop,
          shop, nicolae_shop_advertising_works [nicolae_subvault_shop_adworks]
D:5:      minmay_thinvault, layout_basic, mainiacjoe_overflow_catwalk_spiral,
          lemuel_temple_firewalk_b, kennysheep_generic_room_14, uniq_eustachio,
          uniq_prince_ribbit1, uniq_pikel

Skill      XL: |  1  2  3  4  5  6 |
---------------+-------------------+-----
Ranged Weapons | 3 4 5 6 |  6.1
Fighting       | 2 3 |  3.4
Armour         | 2 |  2.7
Dodging        | |  1.5
Spellcasting   | |  1.0
Hexes          | |  2.6

Action                     |  1- 3 |  4- 6 |  7- 9 || total
---------------------------+-------+-------+-------++-------
   Fire: Sling             |   132 |   167 |       ||   299
         Arbalest          |       |    38 |    26 ||    64
    Use: Scroll            |     3 |     3 |     7 ||    13
         Potion            |       |       |     3 ||     3
 Armour: Robe              |    11 |       |       ||    11
         Leather armour    |    15 |    53 |       ||    68
         Ring mail         |       |    25 |    24 ||    49
  Dodge: Dodged            |    58 |    84 |    30 ||   172

Table legend:
 A = Non-vault XP
 B = Vault XP
 C = Vault XP percentage of total XP
 D = Non-vault monster count
 E = Vault monster count
 F = Vault count percentage of total count
                 A         B        C        D         E       F
            +---------+---------+-------+---------+---------+-------
      Total |     584 |      95 |  14.0 |      68 |      15 |  18.1
            +---------+---------+-------+---------+---------+-------
        D:1 |      48 |       0 |   0.0 |      26 |       0 |   0.0
        D:2 |     109 |       0 |   0.0 |      22 |       0 |   0.0
        D:3 |      65 |      36 |  35.6 |      11 |      11 |  50.0
        D:4 |     362 |       8 |   2.2 |       9 |       1 |  10.0
        D:5 |       0 |      51 | 100.0 |       0 |       3 | 100.0
            +---------+---------+-------+---------+---------+-------
